 Dungeon Crawl Stone Soup version 0.30-a0-310-g7d6cbdfea6 (webtiles) character file.

Game seed: 10226263318213900938

35 purpskrrrp the Sneak (level 3, -1/22 HPs)
             Began as a Kobold Brigand on Oct 24, 2022.
             Slain by Crazy Yiuf
             ... wielding a +4 quarterstaff of chaos
              (11 damage)
             ... on level 2 of the Dungeon.
             The game lasted 00:02:19 (1759 turns).

purpskrrrp the Sneak (Kobold Brigand)               Turns: 1759, Time: 00:02:20

Health: -1/22      AC:  6    Str:  8    XL:     3   Next: 52%
Magic:  3/3        EV: 15    Int: 12    God:
Gold:   72         SH:  0    Dex: 18    Spells: 2/2 levels left

rFire   . . .      SeeInvis .    a - +2 dagger
rCold   . . .      Faith    .    (no shield)
rNeg    . . .      Spirit   .    b - +0 robe
rPois   .          Reflect  .    k - +2 helmet
rElec   .          Harm     .    c - +0 cloak
rCorr   .          Rampage  .    (no gloves)
Will    .....                    (no boots)
Stlth   +++.......               (no amulet)
HPRegen 0.23/turn                (no ring)
MPRegen 0.08/turn                (no ring)

@: silenced
A: small, no large weapons, nightstalker 3
a: no special abilities


You were on level 2 of the Dungeon.
You visited 1 branch of the dungeon, and saw 2 of its levels.

You collected 72 gold pieces.

Inventory:

Hand Weapons
 a - a +2 dagger (weapon)
Missiles
 d - 14 poisoned darts
 e - 3 curare-tipped darts
Armour
 b - a +0 robe (worn)
 c - a +0 cloak (worn)
 k - a +2 helmet (worn)
Jewellery
 n - a ring of protection from fire
 o - a +6 ring of dexterity
 q - a +4 ring of protection
 r - an amulet of regeneration
Scrolls
 g - a scroll of fog
 i - a scroll of teleportation
Potions
 f - a potion of ambrosia {unknown}
 h - a potion of heal wounds {unknown}
 l - a potion of curing
 m - a potion of brilliance {unknown}


   Skills:
 + Level 2.6 Fighting
 + Level 3.1 Short Blades
 - Level 2.2 Throwing
 + Level 2.0 Dodging
 * Level 6.0 Stealth


You had 2 spell levels left.
You didn't know any spells.
Your spell library contained the following spells:

 Spells                   Type           Power      Damage    Failure   Level
 Summon Small Mammal      Summ           0%         N/A       32%         1
 Call Canine Familiar     Summ           0%         N/A       69%         3
 Summon Guardian Golem    Hex/Summ       0%         N/A       69%         3


Dungeon Overview and Level Annotations

Branches:
Dungeon (2/15)

Altars:

Annotations:
D:2 Crazy Yiuf


Innate Abilities, Weirdness & Mutations

You are small and have problems with some larger weapons.
You are completely attuned to the shadows.


Message History

You hit the fungus.
The fungus is lightly damaged.
A nearby fungus withers and dies.
Found a runed translucent door.
Found a hammer.
Crazy Yiuf shouts!
Could not explore, unopened runed door.
Could not explore, unopened runed door.
Okay, then.
As you read the scroll of enchant armour, it crumbles to dust.
Your +1 helmet glows green for a moment.
Crazy Yiuf glowers.
As you read the scroll labelled UTI ILLYNA, it crumbles to dust.
A profound silence engulfs you.
It was a scroll of silence.
You open the door. You hit Crazy Yiuf.
Crazy Yiuf is lightly wounded.
Crazy Yiuf barely misses you.
You barely miss Crazy Yiuf.
Crazy Yiuf is lightly wounded.
Crazy Yiuf gestures obscenely.
Crazy Yiuf misses you.
You barely miss Crazy Yiuf.
Crazy Yiuf is lightly wounded.
Crazy Yiuf says something but you don't hear anything.
Crazy Yiuf hits you with a +4 quarterstaff of chaos.
Crazy Yiuf draws strength from your wounds!
You barely miss Crazy Yiuf. Crazy Yiuf barely misses you.
You barely miss Crazy Yiuf.
Crazy Yiuf hits you with a +4 quarterstaff of chaos.
You hit Crazy Yiuf.
Crazy Yiuf is lightly wounded.
Crazy Yiuf hits you with a +4 quarterstaff of chaos.
You hit Crazy Yiuf but do no damage.
Crazy Yiuf is lightly wounded.
You hit Crazy Yiuf but do no damage.
Crazy Yiuf is lightly wounded.
Crazy Yiuf hits you with a +4 quarterstaff of chaos!
Ouch! That really hurt!
You die...

#.# #.## #####
#.# #..# #....
#.# ##)# #.###
#.# ### #.# #
#.# #####.# #.#
#######.....#
#.# ##
###.#.#.##.####
#.#
...##..#.......#
#.###
...g@####PP....#
#...# )..###
##P.#)## #####
## ############
#..... #.####
### #.# #.# #.#
#.# #.# #.# #.#


You could see Crazy Yiuf.

Vanquished Creatures
  4 bats
  4 endoplasms
  2 giant cockroaches (D:1)
  4 jackals (D:1)
  4 kobolds
  4 quokkas (D:1)
  4 frilled lizards
  5 rats
31 creatures vanquished.

Vanquished Creatures (others)
  2 fungi (D:2)
2 creatures vanquished.

Grand Total: 33 creatures vanquished

Notes
Turn   | Place    | Note
-------+----------+-------------------------------------------
     0 | D:1      | purpskrrrp the Kobold Brigand began the quest for the Orb.
     0 | D:1      | Reached XP level 1. HP: 12/12 MP: 1/1
   189 | D:1      | Reached XP level 2. HP: 18/18 MP: 2/2
   603 | D:1      | Reached XP level 3. HP: 22/22 MP: 3/3
  1535 | D:2      | Reached skill level 6 in Stealth
  1745 | D:2      | Found a runed translucent door.
  1748 | D:2      | Noticed Crazy Yiuf
  1759 | D:2      | Slain by Crazy Yiuf

Illustrated notes

Levels and vault maps discovered:
D:1:      scummos_arrival_simple_crosswalls, layout_loops_corners
D:2:      layout_loops_ring, uniq_crazy_yiuf_cottage

Skill      XL: |  1  2  3 |
---------------+----------+-----
Short Blades   | 3 |  3.1
Dodging        | 2 |  2.0
Stealth        | 6 |  6.0
Fighting       | |  2.6
Throwing       | |  2.2

Action                   || total
-------------------------++-------
Melee: Dagger            ||    70
Throw: Dart              ||    16
  Use: Scroll            ||     6
 Stab: Sleeping          ||    16
Armor: Robe              ||     5
Dodge: Dodged            ||    19

Table legend: (Time is in decaauts)
 A = Elapsed time spent in this place.
 B = Non-inter-level travel time spent in this place.
 C = Inter-level travel time spent in this place.
 D = Time resting spent in this place.
 E = Time spent auto-exploring this place.
 F = Levels seen in this place.
 G = Mean time per level.
                   A        B        C        D        E       F      G
               +--------+--------+--------+--------+--------+-----+--------+
         Total |   1746 |   1719 |     27 |      0 |   1503 |   2 |  873.0 |
       Dungeon |   1746 |   1719 |     27 |      0 |   1503 |   2 |  873.0 |
               +--------+--------+--------+--------+--------+-----+--------+

Top non-repeatable levels by time:
     D:1: 1065 daAuts
     D:2: 681 daAuts
